 Dungeon Crawl Stone Soup version 0.30-a0-242-g7bf8e6d787 (webtiles) character file.

Game seed: 738712916804606748

2981 NinjaNoafa the Fighter (level 9, -3/92 HPs)
             Began as a Minotaur Monk on Oct 11, 2022.
             Slain by a vampire (11 damage)
             ... on level 10 of the Dungeon.
             The game lasted 00:11:11 (6599 turns).

NinjaNoafa the Fighter (Minotaur Monk)              Turns: 6599, Time: 00:11:12

Health: -3/92      AC:  6    Str: 24    XL:     9   Next: 53%
Magic:  8/8        EV: 15    Int:  7    God:
Gold:   384        SH:  0    Dex: 20    Spells: 8/8 levels left

rFire   + . .      SeeInvis +    t - +2 dagger (drain)
rCold   + . .      Faith    .    (no shield)
rNeg    . . .      Spirit   .    v - +2 leather armour of Sikk {Will+ Str+3}
rPois   .          Reflect  .    (helmet restricted)
rElec   .          Harm     .    z - scarf {rC+ rF+}
rCorr   .          Rampage  .    s - +0 pair of gloves
Will    +....                    (no boots)
Stlth   +++.......               (no amulet)
HPRegen 0.35/turn                e - +6 ring of dexterity
MPRegen 0.11/turn                (no ring)

@: no status effects
A: horns 2, retaliatory headbutt, thin skeletal structure 1, see invisible,
sense surroundings 1, sturdy frame 1
a: no special abilities


You were on level 10 of the Dungeon.
You visited 2 branches of the dungeon, and saw 9 of its levels.

You collected 566 gold pieces.
You spent 182 gold pieces at shops.

Inventory:

Hand Weapons
 t - a +2 dagger of draining (weapon)
Missiles
 g - 6 boomerangs
 l - 61 stones (quivered)
Armour
 s - a +0 pair of gloves (worn)
 v - the +2 leather armour of Sikk (worn) {Will+ Str+3}
   (You bought it in a shop on level 2 of the Dungeon)

   Str:       It affects your strength (+3).
   Will:      It increases your willpower.
 z - a scarf of resistance (worn)
Jewellery
 e - a +6 ring of dexterity (left hand)
Wands
 u - a wand of roots (21)
 B - a wand of flame (11)
Scrolls
 a - 3 scrolls of enchant weapon
 b - 2 scrolls of blinking
 d - 3 scrolls of noise
 h - 2 scrolls of immolation
 j - 2 scrolls of fear
 p - 4 scrolls of teleportation
Potions
 c - 2 potions of curing
 f - a potion of ambrosia
 k - a potion of brilliance
 q - 3 potions of haste
 w - a potion of might
 x - a potion of heal wounds


   Skills:
 + Level 12.7 Fighting
 - Level 2.2 Short Blades
 - Level 5.0 Axes
 - Level 7.0 Staves
 - Level 3.6 Armour
 - Level 5.0 Dodging
 - Level 1.5 Stealth


You had 8 spell levels left.
You didn't know any spells.
Your spell library contained the following spells:

 Spells                   Type           Power      Damage    Failure   Level
 Apportation              Tloc           0%         N/A       43%         1
 Beastly Appendage        Tmut           0%         N/A       43%         1
 Wereblood                Tmut           0%         N/A       56%         2
 Call Canine Familiar     Summ           0%         N/A       80%         3
 Portal Projectile        Hex/Tloc       0%         N/A       80%         3
 Spider Form              Tmut/Pois      0%         N/A       80%         3
 Tukima's Dance           Hex            0%         N/A       80%         3
 Leda's Liquefaction      Hex/Erth       0%         N/A       99%         4
 Alistair's Intoxication  Tmut/Pois      0%         N/A       100%        5
 Blade Hands              Tmut           0%         N/A       100%        5


Dungeon Overview and Level Annotations

Branches:
Dungeon (7/15)             Temple (1/1) D:4

Altars:
Ashenzari
Cheibriados
Dithmenos
Elyvilon
Fedhas
Hepliaklqana
Makhleb
Nemelex Xobeh
Qazlal
Ru
Sif Muna
Trog
Wu Jian
Xom
Yredelemnul
Zin
The Shining One

Shops:
D:2 *(*   D:7 [


Innate Abilities, Weirdness & Mutations

You have a pair of horns on your head.
You reflexively headbutt those who attack you in melee.
You have a somewhat thin skeletal structure. (Dex +2, Stealth+)
You have supernaturally acute eyesight. (SInv)
You passively map a small area around you.
Your movements are slightly less encumbered by armour. (ER -2)


Message History

The vampire is lightly damaged.
The vampire hits you! The vampire barely misses you.
You closely miss the vampire. You headbutt the vampire.
The vampire is moderately damaged.
The vampire hits you.
* * * LOW HITPOINT WARNING * * *
The vampire completely misses you.
You hit the vampire but do no damage.
The vampire is moderately damaged.
The vampire barely misses you.
The vampire bites you but does no damage.
You hit the vampire but do no damage.
The vampire is moderately damaged.
The vampire closely misses you. You furiously retaliate!
You headbutt the vampire, but do no damage.
The vampire barely misses you.
You hit the vampire but do no damage. You headbutt the vampire!
The vampire is heavily damaged.
The vampire draws life force from you!
* * * LOW HITPOINT WARNING * * *
The vampire is healed by the life force!
You hit the vampire but do no damage.
The vampire is heavily damaged.
You hit the vampire.
The vampire is heavily damaged.
The vampire hits you but does no damage.
The vampire bites you!
* * * LOW HITPOINT WARNING * * *
The vampire draws strength from your injuries!
You hit the vampire. Your headbutt misses the vampire.
The vampire is moderately damaged.
The vampire hits you but does no damage.
The vampire bites you.
* * * LOW HITPOINT WARNING * * *
The vampire draws strength from your injuries!
You hit the vampire but do no damage. You headbutt the vampire.
The vampire is moderately damaged.
The vampire hits you but does no damage.
The vampire bites you!
You die...

..# *,.., , * .#####., ,
......### * ** * ...##.).#
#########
##...)#.#############........ *
..T)..................#######
*,
########..###....#..)........
##..#####V....######## #
##.#####@.##....##### *
##########.......######.....##*
.............##...............#
############################...
##


You could see a vampire.

Vanquished Creatures
  A two-headed ogre (D:10)
  Prince Ribbit (D:5)
  Sigmund (D:6)
  A steam dragon (D:6)
  The ghost of Nerdsrcool the Conjurer, an amateur DgCj (D:4)
  2 wargs (D:10)
  2 water moccasins
  3 ice beasts
  A centaur (D:6)
  A phantom (D:5)
  3 bullfrogs
  A jelly (D:4)
  An orc priest (D:4)
  A gnoll bouda (D:10)
  Terence (D:2)
  3 iguanas
  5 orc wizards
  Natasha (D:2)
  6 gnolls
  3 adders
  A white imp (D:5)
  5 worms
  2 dart slugs
  19 orcs
  2 ball pythons
  6 bats
  5 endoplasms
  6 hobgoblins
  10 jackals
  2 quokkas (D:2)
  4 frilled lizards
  8 goblins
  A kobold (D:3)
  2 rats (D:1)
112 creatures vanquished.

Vanquished Creatures (collateral kills)
  A shadow (D:10)
  A howler monkey (D:10)
  2 gnolls (D:10)
4 creatures vanquished.

Vanquished Creatures (others)
  An orc (D:5)
  6 plants
7 creatures vanquished.

Grand Total: 123 creatures vanquished

Notes
Turn   | Place    | Note
-------+----------+-------------------------------------------
     0 | D:1      | NinjaNoafa the Minotaur Monk began the quest for the Orb.
     0 | D:1      | Reached XP level 1. HP: 19/19 MP: 0/0
   259 | D:1      | Reached skill level 1 in Armour
   280 | D:1      | Found a faded altar of an unknown god.
   286 | D:1      | Reached XP level 2. HP: 14/27 MP: 1/1
   804 | D:1      | Reached skill level 4 in Fighting
   956 | D:2      | Gained mutation: You have a somewhat thin skeletal
                  | structure. (Dex +2, Stealth+) [potion of mutation]
   956 | D:2      | Gained mutation: You passively map a small area around you.
                  | [potion of mutation]
   956 | D:2      | Gained mutation: You have supernaturally acute eyesight.
                  | (SInv) [potion of mutation]
   956 | D:2      | Gained mutation: Your movements are slightly less
                  | encumbered by armour. (ER -2) [potion of mutation]
   966 | D:2      | Reached XP level 3. HP: 24/34 MP: 2/2
   974 | D:2      | Reached XP level 4. HP: 18/41 MP: 3/3
  1250 | D:2      | Found Issosoda's Assorted Antiques.
  1360 | D:2      | Noticed Terence
  1370 | D:2      | Killed Terence
  1381 | D:2      | Reached skill level 5 in Axes
  1387 | D:2      | Reached skill level 5 in Fighting
  1387 | D:2      | Reached XP level 5. HP: 28/47 MP: 4/4
  1461 | D:2      | Found Nukke's Antique Weapon Shop.
  1644 | D:2      | Noticed Natasha
  1645 | D:2      | Found Vumorad's Assorted Antiques.
  1649 | D:2      | Killed Natasha
  3018 | D:4      | Found a runed translucent gate.
  3018 | D:4      | Found a runed translucent gate.
  3018 | D:4      | Found a runed translucent gate.
  3019 | D:4      | Noticed Nerdsrcool's ghost (amateur DgCj)
  3042 | D:4      | Reached skill level 1 in Short Blades
  3042 | D:4      | Reached XP level 6. HP: 49/57 MP: 5/5
  3064 | D:4      | Killed Nerdsrcool's ghost
  3065 | D:4      | Reached skill level 6 in Fighting
  3303 | D:4      | Found a staircase to the Ecumenical Temple.
  3462 | Temple   | Entered the Ecumenical Temple
  4407 | D:5      | Entered Level 5 of the Dungeon
  4451 | D:2      | Bought a smoking leather armour for 182 gold pieces
  4451 | D:2      | Identified the +2 leather armour of Sikk {Will+ Str+3} (You
                  | bought it in a shop on level 2 of the Dungeon)
  4611 | D:5      | Reached skill level 1 in Staves
  4611 | D:5      | Reached XP level 7. HP: 61/64 MP: 6/6
  4631 | D:5      | Noticed Prince Ribbit
  4660 | D:5      | Killed Prince Ribbit
  4661 | D:5      | Reached skill level 7 in Fighting
  4661 | D:5      | Reached skill level 5 in Dodging
  5407 | D:6      | Noticed Sigmund
  5416 | D:6      | Killed Sigmund
  5417 | D:6      | Reached skill level 8 in Fighting
  5417 | D:6      | Reached skill level 5 in Staves
  5417 | D:6      | Reached XP level 8. HP: 71/75 MP: 7/7
  5502 | D:6      | Found a stormy altar of Qazlal.
  5506 | D:6      | Found a shadowy altar of Dithmenos.
  5522 | D:6      | Found a glowing golden altar of the Shining One.
  5550 | D:6      | Reached skill level 9 in Fighting
  5606 | D:6      | Found a hazy altar of Hepliaklqana.
  5944 | D:7      | Found Hucsunef's Armour Shop.
  6119 | D:7      | Reached skill level 10 in Fighting
  6268 | D:7      | You fall into a shaft and drop 3 floors!
  6268 | D:10     | Entered Level 10 of the Dungeon
  6323 | D:10     | Noticed a two-headed ogre
  6345 | D:10     | Killed a two-headed ogre
  6346 | D:10     | Reached skill level 11 in Fighting
  6346 | D:10     | Reached XP level 9. HP: 39/89 MP: 8/8
  6513 | D:10     | Reached skill level 12 in Fighting
  6533 | D:10     | Noticed a troll
  6599 | D:10     | Slain by a vampire

Illustrated notes

Levels and vault maps discovered:
D:1:      reono_arrival_forest_river, layout_loops_ring,
          chequers_ecumenical_altar_simple_redux
D:2:      layout_basic, serial_shops, nicolae_shop_competitors_out_of_business,
          nicolae_shop_overgrown_old_shop, nicolae_shop_behind_doors,
          nicolae_wormholes, uniq_terence, uniq_natasha
D:3:      layout_basic
D:4:      layout_layer_cave, temple_hall, gammafunk_ghost_split
D:5:      layout_rooms, uniq_prince_ribbit1
D:6:      layout_rooms, mainiacjoe_overflow_concentric_impassable,
          lemuel_crystal_altar, overflow_temple_1_default,
          nicolae_hepliaklqana_hazy_memory, uniq_sigmund
D:7:      layout_rooms, enter_bailey_3, serial_shops, shop
D:10:     layout_rooms, kennysheep_okawaru_gauntlet, erik_lair_orcish_takeover,
          nicolae_trove_entry_crossroad
Temple:   oiseaux_autumnal_temple

Skill      XL: |  1  2  3  4  5  6  7  8  9 |
---------------+----------------------------+-----
Armour         | 1 2 3 |  3.6
Axes           | 4 5 |  5.0
Fighting       | 4 5 6 8 11 12 | 12.7
Short Blades   | 1 2 |  2.2
Dodging        | 4 5 |  5.0
Staves         | 1 5 7 |  7.0
Stealth        | |  1.5

Action                   |  1- 3 |  4- 6 |  7- 9 || total
-------------------------+-------+-------+-------++-------
Melee: Hand axe          |    44 |    36 |       ||    80
       Headbutt          |     6 |    29 |    46 ||    81
       Short sword       |       |    91 |       ||    91
       Dagger            |       |    10 |   171 ||   181
  Use: Potion            |     2 |     4 |     1 ||     7
       Scroll            |       |       |    16 ||    16
 Stab: Sleeping          |     3 |     6 |     1 ||    10
       Distracted        |       |     1 |       ||     1
Armor: Leather armour    |     6 |    18 |    31 ||    55
Dodge: Dodged            |    34 |    79 |   121 ||   234

Table legend: (Time is in decaauts)
 A = Elapsed time spent in this place.
 B = Non-inter-level travel time spent in this place.
 C = Inter-level travel time spent in this place.
 D = Time resting spent in this place.
 E = Time spent auto-exploring this place.
 F = Levels seen in this place.
 G = Mean time per level.
                   A        B        C        D        E       F      G
               +--------+--------+--------+--------+--------+-----+--------+
         Total |   6580 |   5890 |    690 |      0 |   4750 |   9 |  731.1 |
       Dungeon |   6294 |   5638 |    656 |      0 |   4510 |   8 |  786.8 |
        Temple |    286 |    252 |     34 |      0 |    240 |   1 |  286.0 |
               +--------+--------+--------+--------+--------+-----+--------+

Top non-repeatable levels by time:
     D:4: 1309 daAuts
     D:2: 1243 daAuts
     D:1: 911 daAuts
     D:3: 849 daAuts
     D:5: 710 daAuts
     D:6: 617 daAuts
     D:7: 326 daAuts
    D:10: 326 daAuts
  Temple: 286 daAuts
